 Dungeon Crawl Stone Soup version 0.30.0-20-g3615ddf2f0 (webtiles) character file.

Game seed: 1835041657374438952

133 qw the Chopper (level 5, -2/32 HPs)
             Began as a Gargoyle Fighter on May 31, 2023.
             Slain by a gnoll
             ... wielding a +0 spear
              (5 damage)
             ... on level 3 of the Dungeon.
             The game lasted 00:01:05 (1317 turns).

qw the Chopper (Gargoyle Fighter)                   Turns: 1317, Time: 00:01:05

Health: -2/32      AC: 14    Str: 21    XL:     5   Next: 16%
Magic:  5/5        EV:  7    Int:  9    God:
Gold:   52         SH:  4    Dex:  9    Spells: 4/4 levels left

rFire   . . .        Y - +1 war axe
rCold   . . .        c - +0 buckler
rNeg    + . .        e - +0 chain mail
rPois   inf          (no helmet)
rElec   +            (no cloak)
rCorr   .            (no gloves)
SInv    .            b - +0 pair of boots
Will    .....        (no amulet) Stlth
                     (no ring)
HPRegen 0.25/turn    (no ring)
MPRegen 0.09/turn

%: no passive effects
@: about to teleport
A: sickness immunity, AC +4, negative energy resistance 1, electricity
resistance, torment resistance 1, petrification resistance
a: no special abilities


You were on level 3 of the Dungeon.
You visited 1 branch of the dungeon, and saw 3 of its levels.

You collected 52 gold pieces.


Innate Abilities, Weirdness & Mutations

You are immune to sickness and miasma.
Your stone body is resilient. (AC +4)
You are immune to poison.
You resist negative energy. (rN+)
You are resistant to electric shocks. (rElec)
You are resistant to unholy torment.
You are immune to petrification.


   Skills:
 - Level 3.2 Fighting
 + Level 4.7 Axes
 - Level 3.2 Armour
 - Level 3.2 Shields


You had 4 spell levels left.
You didn't know any spells.
Your spell library was empty.

Inventory:

Hand Weapons
 h - a +0 flail
 Y - a +1 war axe (weapon)
Armour
 b - a +0 pair of boots (worn)
 c - a +0 buckler (worn)
 e - a +0 chain mail (worn)
Scrolls
 f - a scroll of identify
Potions
 a - a potion of heal wounds {unknown}
 d - 2 potions of might
 g - a potion of resistance

Dungeon Overview and Level Annotations

Branches:
Dungeon (3/15)

Altars:


Message History

The gnoll is moderately wounded.
You closely miss the quokka. The quokka bites you.
The gnoll hits you but does no damage. The gnoll completely misses you.
The gnoll hits you from afar with a +0 spear.
You slash the gnoll!
You kill the gnoll!
You hit the quokka but do no damage. You block the quokka's attack.
You block the gnoll's attack. The gnoll hits you but does no damage.
The quokka bites you but does no damage.
You slash the quokka!
You kill the quokka!
You block the gnoll's attack. The gnoll hits you but does no damage.
The gnoll closely misses you. The gnoll barely misses you.
The gnoll hits you but does no damage.
Items here: %% )).
Enter note:
Enter note: You closely miss the gnoll.
The gnoll hits you with a +0 spear. The gnoll hits you but does no damage.
You barely miss the gnoll. The gnoll barely misses you.
The gnoll hits you but does no damage.
You barely miss the gnoll. You block the gnoll's attack. x2
The gnoll hits you from afar with a +0 spear.
The gnoll barely misses you.
1315 ||| READING scroll of teleportation.
As you read the scroll of teleportation, it crumbles to dust.
You feel strangely unstable.
The gnoll hits you from afar with a +0 spear.
The gnoll barely misses you.
You slash the gnoll!
The gnoll is almost dead.
The gnoll hits you but does no damage.
The gnoll hits you from afar with a +0 spear.
You slash the gnoll!
You kill the gnoll!
The gnoll hits you from afar with a +0 spear.
You die...

...#.#.#.#r#.
#.......g....
#..#.#.#.#.#
#.##....<.....
#.##..#.#.#.#
#.##........
#.##..#.#)#.#.#.
#.##..g)@...$...
#.##.##.#.#.#.#.
##.##.#.........
#.>...########..
#.........#
#...#####.#
#...# #...#
#...#


You could see a gnoll.

Vanquished Creatures
  2 adders (D:2)
  6 gnolls (D:3)
  2 dart slugs (D:1)
  6 endoplasms
  8 goblins
  7 hobgoblins
  5 kobolds
  4 quokkas
  10 ball pythons
  3 bats
  2 frilled lizards
  9 rats
64 creatures vanquished.

Notes
Turn   | Place    | Note
-------+----------+-------------------------------------------
     0 | D:1      | qw the Gargoyle Fighter began the quest for the Orb.
     0 | D:1      | Reached XP level 1. HP: 14/14 MP: 1/1
     0 | D:1      | 0 ||| qw: Version: 0.2-a-102-gfc559e5
     0 | D:1      | 0 ||| qw: Game counter: 532
     0 | D:1      | 0 ||| qw: Always use a shield: true
     0 | D:1      | 0 ||| qw: God list: Okawaru
     0 | D:1      | 0 ||| qw: Allow faded altars: false
     0 | D:1      | 0 ||| qw: Do Orc after D:15 true
     0 | D:1      | 0 ||| qw: Do second Lair branch before Depths: true
     0 | D:1      | 0 ||| qw: Lair rune preference: random
     0 | D:1      | 0 ||| qw: Plans: Normal, Zot:1-4, Slime:5, God:TSO, Crypt,
                  | Tomb, Pan, Hells, Abyss, Win
     0 | D:1      | 0 ||| PLANNING D:1-11
    81 | D:1      | Reached skill level 2 in Axes
   131 | D:1      | Reached XP level 2. HP: 19/19 MP: 2/2
   256 | D:1      | 256 ||| Stepping ~*~*~tactically~*~*~ (hiding).
   269 | D:1      | Reached skill level 3 in Axes
   348 | D:1      | Reached XP level 3. HP: 23/23 MP: 3/3
   378 | D:1      | 378 ||| Stepping ~*~*~tactically~*~*~ (stealth).
   610 | D:1      | 610 ||| Stepping ~*~*~tactically~*~*~ (hiding).
   732 | D:1      | 732 ||| UPGRADING to +0 chain mail.
   742 | D:1      | 742 ||| DROPPING +0 scale mail.
   743 | D:1      | 743 ||| READING scroll labelled EFUWIB ZAIRPHOF.
   744 | D:1      | 744 ||| READING scroll labelled KIFAOMN COICAUTWO.
   745 | D:1      | 745 ||| READING scroll labelled XAGILET KUKHLUA.
   746 | D:1      | 746 ||| DRINKING 2 fuming amethyst potions.
   747 | D:1      | 747 ||| DROPPING potion of brilliance.
   828 | D:2      | 828 ||| Stepping ~*~*~tactically~*~*~ (stealth).
   829 | D:2      | 829 ||| Stepping ~*~*~tactically~*~*~ (stealth).
   843 | D:2      | Reached XP level 4. HP: 28/28 MP: 4/4
   988 | D:2      | 988 ||| Stepping ~*~*~tactically~*~*~ (stealth).
   989 | D:2      | 989 ||| Stepping ~*~*~tactically~*~*~ (stealth).
   991 | D:2      | 991 ||| Stepping ~*~*~tactically~*~*~ (stealth).
  1001 | D:2      | 1001 ||| Stepping ~*~*~tactically~*~*~ (stealth).
  1011 | D:2      | Reached skill level 4 in Axes
  1033 | D:2      | 1033 ||| DROPPING +0 club.
  1141 | D:2      | 1141 ||| UPGRADING to +0 pair of boots.
  1146 | D:2      | 1146 ||| READING scroll labelled BOET KUTOG.
  1147 | D:2      | 1147 ||| READING 2 scrolls labelled GAARO QAVO.
  1148 | D:2      | 1148 ||| READING scroll labelled ONNO MOEMATUNT.
  1153 | D:2      | 1153 ||| READING scroll labelled LAESHR KILEO.
  1154 | D:2      | 1154 ||| DRINKING 2 fizzy purple potions.
  1155 | D:2      | 1155 ||| DROPPING scroll of fog.
  1219 | D:3      | 1219 ||| Stepping ~*~*~tactically~*~*~ (stealth).
  1235 | D:3      | 1235 ||| Stepping ~*~*~tactically~*~*~ (stealth).
  1263 | D:3      | 1263 ||| DROPPING +0 mace.
  1292 | D:3      | 1292 ||| Stepping ~*~*~tactically~*~*~ (stealth).
  1300 | D:3      | 1300 ||| Stepping ~*~*~tactically~*~*~ (stealth).
  1303 | D:3      | Reached XP level 5. HP: 30/32 MP: 5/5
  1314 | D:3      | HP: 8/32 [gnoll/+0 spear (1)]
  1315 | D:3      | 1315 ||| READING scroll of teleportation.
  1316 | D:3      | HP: 3/32 [gnoll/+0 spear (4)]
  1317 | D:3      | Slain by a gnoll

Levels and vault maps discovered:
D:1:      wander_arrival_lonely_grave, layout_loops_cross
D:2:      layout_rooms
D:3:      layout_loops_ring, okawaru_metal_pillars_1_2, st_stairs_10

Skill      XL: |  1  2  3  4 |
---------------+-------------+-----
Axes           | 2 3 4 |  4.7
Fighting       | |  3.2
Armour         | |  3.2
Shields        | |  3.2

Action                     |  1- 3 |  4- 6 || total
---------------------------+-------+-------++-------
  Melee: War axe           |   121 |    69 ||   190
    Use: Scroll            |     3 |     5 ||     8
         Potion            |     1 |     1 ||     2
 Armour: Scale mail        |    45 |       ||    45
         Chain mail        |    21 |    45 ||    66
  Dodge: Dodged            |    58 |    34 ||    92
  Block: Buckler           |    23 |    13 ||    36

Table legend:
 A = Non-vault XP
 B = Vault XP
 C = Vault XP percentage of total XP
 D = Non-vault monster count
 E = Vault monster count
 F = Vault count percentage of total count
                 A         B        C        D         E       F
            +---------+---------+-------+---------+---------+-------
      Total |     197 |       8 |   3.9 |      60 |       4 |   6.2
            +---------+---------+-------+---------+---------+-------
        D:1 |      49 |       0 |   0.0 |      30 |       0 |   0.0
        D:2 |      52 |       0 |   0.0 |      17 |       0 |   0.0
        D:3 |      96 |       8 |   7.7 |      13 |       4 |  23.5
            +---------+---------+-------+---------+---------+-------
